Stars vs Predators

Created - 2 avril 2019 at 22:02

Goals
1 2 3 T
Stars 3 0 0 3
Predators 0 0 1 1
Shots
1 2 3 T
Stars 11 8 10 29
Predators 7 7 6 20

1st period

1. Stars , Jonathan Marchessault 11 (Jakub Voracek 16, Zdeno Chara 19) at 1:02
2. Stars , Rasmus Ristolainen 10 (Sidney Crosby 33, Sebastian Aho 18) at 14:44
3. Stars , Jonathan Marchessault 12 (Zdeno Chara 20, Nazem Kadri 31) at 19:01

Penalties :
Vladislav Namestnikov (NSH) for Cross-checking (Minor) at 3:26, David Savard (DAL) for Holding (Minor) at 10:05

2nd period

No Goal

Penalties :
Nikita Zadorov (NSH) for Roughing (Minor) at 4:17, Vladislav Namestnikov (NSH) for Holding (Minor) at 7:44, Zdeno Chara (DAL) for Holding (Minor) at 16:27

3rd period

4. Predators , Kyle Connor 15 (Phillip Danault 19) at 15:39

Penalties :
Sebastian Aho (DAL) for Tripping (Minor) at 2:38, Max Pacioretty (NSH) for Hooking (Minor) at 7:18

Goalie Stats

Jonathan Quick (DAL), 19 saves from 20 shots - (0.950), W, 30-25-4, 60:00 minutes
Corey Crawford (NSH), 26 saves from 29 shots - (0.897), L, 32-22-3, 60:00 minutes

Players Stats for Stars

Player Name              G  A  P  +/- PIM S  H  SB GA TA FO     MP     PP MP  PK MP  
------------------------------------------------------------------------------------
Chris Wideman            0  0  0   0  0   0  0  0  0  0  0/0     0:36   0:00   0:36 
Danny DeKeyser           0  0  0   0  0   2  1  2  0  0  0/0    15:39   0:00   1:08 
David Savard             0  0  0   0  2   0  0  1  0  0  0/0    14:30   0:00   0:00 
Devin Shore              0  0  0   0  0   0  0  0  0  0  1/1     6:27   0:00   0:22 
Duncan Keith             0  0  0   1  0   1  1  0  0  0  0/0    19:23   2:55   2:22 
Jakub Voracek            0  1  1   2  0   0  1  0  0  0  1/2    23:27   3:50   1:48 
John Klingberg           0  0  0   1  0   1  0  2  0  0  0/0    25:55   5:01   3:24 
Jonathan Marchessault    2  0  2   2  0   3  0  0  0  0  0/0    15:50   4:06   0:00 
Josh Bailey              0  0  0   0  0   1  2  0  0  0  0/0    20:39   4:06   0:00 
Martin Hanzal            0  0  0   0  0   0  0  1  0  0  9/13    9:58   0:00   3:53 
Nazem Kadri              0  1  1   2  0   3  1  0  0  0  8/20   15:50   4:06   0:00 
Paul Byron               0  0  0   0  0   1  0  0  0  0  1/4    15:48   0:00   4:03 
Rasmus Ristolainen       1  0  1   1  0   5  1  1  0  0  0/0    25:40   5:01   3:09 
Sebastian Aho            0  1  1   0  2   6  2  0  0  0  0/1    20:22   3:50   0:00 
Sidney Crosby            0  1  1   0  0   2  1  0  0  0  13/22  20:23   3:50   0:00 
Tommy Wingels            0  0  0   0  0   0  1  0  0  0  0/2    13:33   0:00   1:48 
Yanni Gourde             0  0  0   0  0   1  0  0  0  0  6/9    11:45   0:00   0:00 
Zdeno Chara              0  2  2   1  2   3  3  0  0  0  0/0    18:15   2:55   1:15 

Players Stats for Predators

Player Name              G  A  P  +/- PIM S  H  SB GA TA FO     MP     PP MP  PK MP  
------------------------------------------------------------------------------------
Alex Tuch                0  0  0   0  0   1  0  0  0  0  1/1     7:43   0:14   0:10 
Antoine Roussel          0  0  0   0  0   0  0  0  0  0  0/1     7:19   0:00   0:00 
Colton Sissons           0  0  0   0  0   1  3  0  0  0  5/10   10:00   2:41   0:00 
Connor Murphy            0  0  0  -2  0   0  2  2  0  0  0/0    18:45   3:29   3:54 
Elias Lindholm           0  0  0  -2  0   1  0  0  0  0  13/20  18:57   3:02   2:17 
J.T. Compher             0  0  0   1  0   1  0  1  0  0  0/0    12:25   0:00   0:00 
J.T. Miller              0  0  0  -1  0   0  1  0  0  0  5/13   21:40   3:16   5:39 
Jaden Schwartz           0  0  0  -2  0   1  0  0  0  0  0/0    13:38   0:00   0:00 
Kyle Connor              1  0  1   1  0   3  0  0  0  0  0/1    12:25   0:00   0:00 
Max Pacioretty           0  0  0  -1  2   2  1  0  0  0  0/1    15:25   2:41   0:00 
Nikita Zadorov           0  0  0   1  2   0  9  1  0  0  0/0    21:33   2:04   3:26 
Oliver Ekman-Larsson     0  0  0  -1  0   1  4  2  0  0  0/0    26:05   3:53   3:31 
Oscar Klefbom            0  0  0   1  0   2  0  3  0  0  0/0    23:24   2:14   4:23 
Phillip Danault          0  1  1   1  0   1  0  0  0  0  3/10   13:22   0:00   0:57 
Shea Theodore            0  0  0  -2  0   0  0  0  0  0  0/0    12:10   0:00   0:00 
Steven Stamkos           0  0  0  -1  0   4  1  1  0  0  7/12   21:40   3:16   5:39 
Thomas Chabot            0  0  0  -1  0   0  1  1  0  0  0/0    18:02   0:14   0:38 
Vladislav Namestnikov    0  0  0  -2  4   2  0  0  0  0  1/5    17:27   2:41   1:10 

3 Stars

1 - Jonathan Marchessault (DAL)
2 - Rasmus Ristolainen (DAL)
3 - Zdeno Chara (DAL)

Power Play

Stars - 0 on 4 Attempt(s) - 0.00%
Predators - 0 on 3 Attempt(s) - 0.00%

Penalty Kill

Stars - 3 on 3 Attempt(s) - 100.00% - Score 0 goal in Penalty Kill
Predators - 4 on 4 Attempt(s) - 100.00% - Score 0 goal in Penalty Kill

Team Stat

Stars - Hits : 14 - Faceoff Wins : 39 - Blocked Shots : 7 - Penalty Minutes : 6
Predators - Hits : 22 - Faceoff Wins : 35 - Blocked Shots : 11 - Penalty Minutes : 8

Official

Referees : Mike Hasenfratz and Mike Leggo
Linesman : John Grandt and Brad Lazarowich

Game Notes

No Game Note

Finance

Level 1 -- Attendance: 4225 (65.00%) -- Ticket Income 633 750 $
Level 2 -- Attendance: 2571 (51.42%) -- Ticket Income 321 375 $
Level 3 -- Attendance: 1676 (47.89%) -- Ticket Income 167 600 $
Level 4 -- Attendance: 1113 (100.00%) -- Ticket Income 83 475 $
Luxury Box -- Attendance: 632 (63.20%) -- Ticket Income 189 600 $
Game was played at the Bridgestone Arena.
Total Attendance: 10217 (59.70%)
Total Ticket Income: 1 395 800 $
Other Income: 683 942 $
Total Income: 2 079 742 $

% Time on Ice - Stars

Lines # - Real PCT - Wanted PCT - Time Play
Normal Forward
1 - 36% - 40% - 16:33
2 - 25% - 30% - 11:44
3 - 25% - 20% - 11:45
4 - 13% - 10% - 6:05
Normal Defense
1 - 36% - 40% - 16:31
2 - 31% - 30% - 14:06
3 - 31% - 20% - 14:31
4 - 2% - 10% - 0:59
PP Forward
1 - 48% - 60% - 3:50
2 - 52% - 40% - 4:06
PP Defense
1 - 63% - 60% - 5:01
2 - 37% - 40% - 2:55
PK Forward
1 - 70% - 60% - 4:09
2 - 30% - 40% - 1:48
PK Defense
1 - 41% - 60% - 2:26
2 - 59% - 40% - 3:31
PK3 Forward
1 - 0% - 60%
2 - 0% - 40%
PK3 Defense
1 - 0% - 60%
2 - 0% - 40%
44 Forward
1 - 0% - 60%
2 - 0% - 40%
44 Defense
1 - 0% - 60%
2 - 0% - 40%
Last Minute Offensive  - 0:00
Last Minute Defensive  - 0:00
Total
Forward - 60:00
Defense - 60:00

% Time on Ice - Predators

Lines # - Real PCT - Wanted PCT - Time Play
Normal Forward
1 - 28% - 40% - 12:45
2 - 30% - 30% - 13:38
3 - 27% - 20% - 12:25
4 - 16% - 10% - 7:19
Normal Defense
1 - 37% - 40% - 17:10
2 - 32% - 30% - 14:38
3 - 26% - 20% - 12:10
4 - 5% - 10% - 2:09
PP Forward
1 - 55% - 60% - 3:16
2 - 45% - 40% - 2:41
PP Defense
1 - 65% - 60% - 3:53
2 - 35% - 40% - 2:04
PK Forward
1 - 71% - 60% - 5:39
2 - 29% - 40% - 2:17
PK Defense
1 - 43% - 60% - 3:24
2 - 57% - 40% - 4:32
PK3 Forward
1 - 0% - 60%
2 - 0% - 40%
PK3 Defense
1 - 0% - 60%
2 - 0% - 40%
44 Forward
1 - 0% - 60%
2 - 0% - 40%
44 Defense
1 - 0% - 60%
2 - 0% - 40%
Last Minute Offensive  - 0:00
Last Minute Defensive  - 0:00
Total
Forward - 60:00
Defense - 60:00

Play-by-Play

1st period


0:01 of 1st period - J.T. Miller wins face-off versus Sebastian Aho in neutral zone.
0:03 of 1st period - Oliver Ekman-Larsson is hit by Rasmus Ristolainen and loses puck.
0:52 of 1st period - Shot by Jonathan Marchessault.
0:52 of 1st period - Shot Misses the Net.
0:54 of 1st period - Shot by Zdeno Chara.
0:54 of 1st period - Shot Blocked by Thomas Chabot.
1:02 of 1st period - Shot by Jonathan Marchessault.
1:02 of 1st period - Goal by Jonathan Marchessault - Stars : 1 - Predators : 0.
1:03 of 1st period - Yanni Gourde wins face-off versus Elias Lindholm in neutral zone.
1:08 of 1st period - Shot by Paul Byron.
1:08 of 1st period - Shot Blocked by Oscar Klefbom.
1:16 of 1st period - Shot by Elias Lindholm.
1:16 of 1st period - Shot Misses the Net.
1:18 of 1st period - Shot by Oscar Klefbom.
1:18 of 1st period - Shot Blocked by Danny DeKeyser.
2:29 of 1st period - Icing by Connor Murphy.
2:30 of 1st period - Sidney Crosby wins face-off versus Phillip Danault in Predators zone.
2:41 of 1st period - Shot by Josh Bailey.
2:41 of 1st period - Stopped by Corey Crawford without a rebound.
2:42 of 1st period - Devin Shore wins face-off versus Colton Sissons in Predators zone.
2:42 of 1st period - John Klingberg is hit by Oliver Ekman-Larsson and loses puck.
3:01 of 1st period - Shot by Alex Tuch.
3:01 of 1st period - Shot Misses the Net.
3:05 of 1st period - Shot by Oscar Klefbom.
3:05 of 1st period - Shot Misses the Net.
3:07 of 1st period - Shot by Colton Sissons.
3:07 of 1st period - Shot Misses the Net.
3:09 of 1st period - Shot by Colton Sissons.
3:09 of 1st period - Deflect By Alex Tuch.
3:09 of 1st period - Stopped by Jonathan Quick without a rebound.
3:10 of 1st period - J.T. Miller wins face-off versus Sidney Crosby in Stars zone.
3:13 of 1st period - Shot by Max Pacioretty.
3:13 of 1st period - Shot Misses the Net.
3:15 of 1st period - Shot by Oliver Ekman-Larsson.
3:15 of 1st period - Stopped by Jonathan Quick without a rebound.
3:16 of 1st period - Elias Lindholm wins face-off versus Sidney Crosby in Stars zone.
3:26 of 1st period - Minor Penalty to Vladislav Namestnikov for Cross-checking.
3:27 of 1st period - Sidney Crosby wins face-off versus Steven Stamkos in Predators zone.
3:54 of 1st period - Shot by Sebastian Aho.
3:54 of 1st period - Stopped by Corey Crawford without a rebound.
3:55 of 1st period - Nazem Kadri wins face-off versus Elias Lindholm in Predators zone.
4:35 of 1st period - Shot by Nazem Kadri.
4:35 of 1st period - Shot Misses the Net.
5:07 of 1st period - Shot by Sebastian Aho.
5:07 of 1st period - Stopped by Corey Crawford without a rebound.
5:08 of 1st period - Sidney Crosby wins face-off versus Elias Lindholm in Predators zone.
5:17 of 1st period - Shot by Sebastian Aho.
5:17 of 1st period - Stopped by Corey Crawford with a rebound.
5:19 of 1st period - Shot by Sebastian Aho.
5:19 of 1st period - Stopped by Corey Crawford with a rebound.
5:33 of 1st period - Icing by Oliver Ekman-Larsson.
5:34 of 1st period - Alex Tuch wins face-off versus Yanni Gourde in Predators zone.
6:04 of 1st period - Icing by Oliver Ekman-Larsson.
6:05 of 1st period - Nazem Kadri wins face-off versus Colton Sissons in Predators zone.
6:17 of 1st period - Icing by Rasmus Ristolainen.
6:18 of 1st period - Elias Lindholm wins face-off versus Nazem Kadri in Stars zone.
7:10 of 1st period - Connor Murphy is hit by Sidney Crosby and loses puck.
8:02 of 1st period - Shot by Max Pacioretty.
8:02 of 1st period - Shot Misses the Net.
8:06 of 1st period - Shot by Max Pacioretty.
8:06 of 1st period - Shot Misses the Net.
10:05 of 1st period - Minor Penalty to David Savard for Holding.
10:06 of 1st period - Martin Hanzal wins face-off versus Steven Stamkos in Stars zone.
10:26 of 1st period - Shot by Steven Stamkos.
10:26 of 1st period - Shot Misses the Net.
11:36 of 1st period - Shot by Oliver Ekman-Larsson.
11:36 of 1st period - Deflect By Steven Stamkos.
11:36 of 1st period - Stopped by Jonathan Quick without a rebound.
11:37 of 1st period - Martin Hanzal wins face-off versus Vladislav Namestnikov in Stars zone.
11:46 of 1st period - Shot by Max Pacioretty.
11:46 of 1st period - Stopped by Jonathan Quick without a rebound.
11:47 of 1st period - Paul Byron wins face-off versus Steven Stamkos in Stars zone.
11:47 of 1st period - Paul Byron is hit by J.T. Miller.
12:05 of 1st period - Shot by Steven Stamkos.
12:05 of 1st period - Shot Misses the Net.
12:13 of 1st period - Shot by Jonathan Marchessault.
12:13 of 1st period - Stopped by Corey Crawford without a rebound.
12:14 of 1st period - Nazem Kadri wins face-off versus Phillip Danault in Predators zone.
13:17 of 1st period - Shot by Steven Stamkos.
13:17 of 1st period - Shot Blocked by John Klingberg.
13:21 of 1st period - Shot by Steven Stamkos.
13:21 of 1st period - Stopped by Jonathan Quick without a rebound.
13:22 of 1st period - Elias Lindholm wins face-off versus Paul Byron in Stars zone.
13:35 of 1st period - Shot by Vladislav Namestnikov.
13:35 of 1st period - Stopped by Jonathan Quick with a rebound.
14:40 of 1st period - Shot by Sidney Crosby.
14:40 of 1st period - Stopped by Corey Crawford with a rebound.
14:42 of 1st period - Shot by Rasmus Ristolainen.
14:42 of 1st period - Shot Misses the Net.
14:44 of 1st period - Shot by Rasmus Ristolainen.
14:44 of 1st period - Goal by Rasmus Ristolainen - Stars : 2 - Predators : 0.
14:45 of 1st period - Steven Stamkos wins face-off versus Nazem Kadri in neutral zone.
14:48 of 1st period - Shot by Oscar Klefbom.
14:48 of 1st period - Shot Misses the Net.
14:50 of 1st period - Shot by Max Pacioretty.
14:50 of 1st period - Shot Misses the Net.
14:58 of 1st period - Shot by J.T. Miller.
14:58 of 1st period - Shot Blocked by Danny DeKeyser.
15:00 of 1st period - Shot by Max Pacioretty.
15:00 of 1st period - Stopped by Jonathan Quick without a rebound.
15:01 of 1st period - Phillip Danault wins face-off versus Martin Hanzal in Stars zone.
16:45 of 1st period - Off-side.
16:46 of 1st period - Nazem Kadri wins face-off versus J.T. Miller in neutral zone.
16:53 of 1st period - Icing by J.T. Miller.
16:54 of 1st period - Yanni Gourde wins face-off versus Max Pacioretty in Predators zone.
17:50 of 1st period - Sidney Crosby is hit by Nikita Zadorov and loses puck.
18:45 of 1st period - Shot by Vladislav Namestnikov.
18:45 of 1st period - Shot Misses the Net.
18:57 of 1st period - Shot by Nazem Kadri.
18:57 of 1st period - Deflect By Jonathan Marchessault.
18:57 of 1st period - Shot Misses the Net.
18:59 of 1st period - Shot by Zdeno Chara.
18:59 of 1st period - Stopped by Corey Crawford with a rebound.
19:01 of 1st period - Shot by Jonathan Marchessault.
19:01 of 1st period - Goal by Jonathan Marchessault - Stars : 3 - Predators : 0.
19:02 of 1st period - Colton Sissons wins face-off versus Martin Hanzal in neutral zone.
19:41 of 1st period - Icing by Colton Sissons.
19:42 of 1st period - Yanni Gourde wins face-off versus Colton Sissons in Predators zone.
19:52 of 1st period - Off-side.
19:53 of 1st period - Sidney Crosby wins face-off versus Vladislav Namestnikov in neutral zone.
Goals for this period are 3 for Stars vs 0 for Predators.
Shots for this period are 11 for Stars vs 7 for Predators.

2nd period


0:01 of 2nd period - Sidney Crosby wins face-off versus J.T. Miller in neutral zone.
0:05 of 2nd period - Rasmus Ristolainen is hit by Oliver Ekman-Larsson and loses puck.
0:09 of 2nd period - Icing by Oliver Ekman-Larsson.
0:10 of 2nd period - J.T. Miller wins face-off versus Nazem Kadri in Predators zone.
0:27 of 2nd period - Shot by Jonathan Marchessault.
0:27 of 2nd period - Shot Misses the Net.
0:42 of 2nd period - Jakub Voracek is hit by Thomas Chabot and loses puck.
0:52 of 2nd period - Jonathan Marchessault is hit by Oliver Ekman-Larsson and loses puck.
1:22 of 2nd period - Shot by Vladislav Namestnikov.
1:22 of 2nd period - Shot Misses the Net.
1:45 of 2nd period - Shot by Jaden Schwartz.
1:45 of 2nd period - Stopped by Jonathan Quick with a rebound.
1:47 of 2nd period - Shot by Oscar Klefbom.
1:47 of 2nd period - Stopped by Jonathan Quick with a rebound.
1:49 of 2nd period - Shot by Vladislav Namestnikov.
1:49 of 2nd period - Shot Misses the Net.
1:51 of 2nd period - Shot by Elias Lindholm.
1:51 of 2nd period - Stopped by Jonathan Quick without a rebound.
1:52 of 2nd period - Yanni Gourde wins face-off versus Phillip Danault in Stars zone.
2:01 of 2nd period - Shot by J.T. Compher.
2:01 of 2nd period - Stopped by Jonathan Quick without a rebound.
2:02 of 2nd period - Martin Hanzal wins face-off versus Colton Sissons in Stars zone.
3:10 of 2nd period - Shot by Steven Stamkos.
3:10 of 2nd period - Shot Misses the Net.
3:14 of 2nd period - Shot by Steven Stamkos.
3:14 of 2nd period - Stopped by Jonathan Quick without a rebound.
3:15 of 2nd period - Elias Lindholm wins face-off versus Sidney Crosby in Stars zone.
3:34 of 2nd period - Elias Lindholm is hit by Josh Bailey and loses puck.
3:44 of 2nd period - Sidney Crosby is hit by Nikita Zadorov and loses puck.
3:58 of 2nd period - Sidney Crosby is hit by Nikita Zadorov and loses puck.
4:10 of 2nd period - John Klingberg is hit by Nikita Zadorov and loses puck.
4:16 of 2nd period - Yanni Gourde is hit by Nikita Zadorov and loses puck.
4:17 of 2nd period - Minor Penalty to Nikita Zadorov for Roughing.
4:18 of 2nd period - Steven Stamkos wins face-off versus Nazem Kadri in Predators zone.
4:31 of 2nd period - Shot by Rasmus Ristolainen.
4:31 of 2nd period - Stopped by Corey Crawford without a rebound.
4:32 of 2nd period - Sidney Crosby wins face-off versus Steven Stamkos in Predators zone.
4:33 of 2nd period - Shot by Rasmus Ristolainen.
4:33 of 2nd period - Stopped by Corey Crawford without a rebound.
4:34 of 2nd period - Steven Stamkos wins face-off versus Sidney Crosby in Predators zone.
5:02 of 2nd period - Shot by Jakub Voracek.
5:02 of 2nd period - Shot Misses the Net.
5:04 of 2nd period - Shot by Rasmus Ristolainen.
5:04 of 2nd period - Shot Misses the Net.
5:06 of 2nd period - Shot by Sebastian Aho.
5:06 of 2nd period - Shot Misses the Net.
5:08 of 2nd period - Shot by Rasmus Ristolainen.
5:08 of 2nd period - Shot Misses the Net.
5:10 of 2nd period - Shot by John Klingberg.
5:10 of 2nd period - Stopped by Corey Crawford without a rebound.
5:11 of 2nd period - Steven Stamkos wins face-off versus Nazem Kadri in Predators zone.
5:26 of 2nd period - Shot by Josh Bailey.
5:26 of 2nd period - Shot Misses the Net.
5:28 of 2nd period - Shot by Zdeno Chara.
5:28 of 2nd period - Stopped by Corey Crawford without a rebound.
5:29 of 2nd period - Steven Stamkos wins face-off versus Nazem Kadri in Predators zone.
6:29 of 2nd period - Icing by Oliver Ekman-Larsson.
6:30 of 2nd period - Martin Hanzal wins face-off versus Phillip Danault in Predators zone.
6:30 of 2nd period - Jakub Voracek is hit by Oliver Ekman-Larsson and loses puck.
7:44 of 2nd period - Minor Penalty to Vladislav Namestnikov for Holding.
7:45 of 2nd period - Nazem Kadri wins face-off versus Steven Stamkos in Predators zone.
7:45 of 2nd period - John Klingberg is hit by Nikita Zadorov and loses puck.
8:23 of 2nd period - Jonathan Marchessault is hit by Nikita Zadorov and loses puck.
8:48 of 2nd period - Shot by Sidney Crosby.
8:48 of 2nd period - Shot Blocked by Connor Murphy.
8:50 of 2nd period - Shot by Duncan Keith.
8:50 of 2nd period - Stopped by Corey Crawford without a rebound.
8:51 of 2nd period - Elias Lindholm wins face-off versus Sidney Crosby in Predators zone.
8:51 of 2nd period - Elias Lindholm is hit by Sebastian Aho.
9:37 of 2nd period - Shot by Rasmus Ristolainen.
9:37 of 2nd period - Shot Misses the Net.
9:45 of 2nd period - Shot by Yanni Gourde.
9:45 of 2nd period - Shot Misses the Net.
9:47 of 2nd period - Shot by Danny DeKeyser.
9:47 of 2nd period - Shot Misses the Net.
9:51 of 2nd period - Shot by Yanni Gourde.
9:51 of 2nd period - Shot Misses the Net.
9:53 of 2nd period - Shot by Danny DeKeyser.
9:53 of 2nd period - Stopped by Corey Crawford with a rebound.
11:49 of 2nd period - Off-side.
11:50 of 2nd period - Sidney Crosby wins face-off versus J.T. Miller in neutral zone.
12:47 of 2nd period - Shot by Vladislav Namestnikov.
12:47 of 2nd period - Stopped by Jonathan Quick without a rebound.
12:48 of 2nd period - Phillip Danault wins face-off versus Nazem Kadri in Stars zone.
12:48 of 2nd period - Kyle Connor is hit by Zdeno Chara and loses puck.
12:55 of 2nd period - Shot by Kyle Connor.
12:55 of 2nd period - Stopped by Jonathan Quick without a rebound.
12:56 of 2nd period - Nazem Kadri wins face-off versus Elias Lindholm in Stars zone.
13:07 of 2nd period - Shot by Nazem Kadri.
13:07 of 2nd period - Stopped by Corey Crawford without a rebound.
13:08 of 2nd period - Martin Hanzal wins face-off versus J.T. Miller in Predators zone.
13:44 of 2nd period - Icing by John Klingberg.
13:45 of 2nd period - Elias Lindholm wins face-off versus Martin Hanzal in Stars zone.
14:18 of 2nd period - Shot by Vladislav Namestnikov.
14:18 of 2nd period - Shot Misses the Net.
14:21 of 2nd period - Icing by Zdeno Chara.
14:22 of 2nd period - Sidney Crosby wins face-off versus Phillip Danault in Stars zone.
14:31 of 2nd period - Shot by Sidney Crosby.
14:31 of 2nd period - Shot Misses the Net.
15:22 of 2nd period - Oscar Klefbom is hit by Nazem Kadri and loses puck.
16:10 of 2nd period - Shot by Paul Byron.
16:10 of 2nd period - Stopped by Corey Crawford without a rebound.
16:11 of 2nd period - Elias Lindholm wins face-off versus Sidney Crosby in Predators zone.
16:11 of 2nd period - Oliver Ekman-Larsson is hit by Sebastian Aho and loses puck.
16:19 of 2nd period - Oliver Ekman-Larsson is hit by Duncan Keith and loses puck.
16:27 of 2nd period - Minor Penalty to Zdeno Chara for Holding.
16:28 of 2nd period - Martin Hanzal wins face-off versus Vladislav Namestnikov in Stars zone.
16:28 of 2nd period - Martin Hanzal is hit by Colton Sissons.
17:20 of 2nd period - Icing by Oscar Klefbom.
17:21 of 2nd period - Elias Lindholm wins face-off versus Paul Byron in Predators zone.
18:05 of 2nd period - Icing by Connor Murphy.
18:06 of 2nd period - Colton Sissons wins face-off versus Tommy Wingels in Predators zone.
19:18 of 2nd period - Icing by Colton Sissons.
19:19 of 2nd period - Nazem Kadri wins face-off versus Antoine Roussel in Predators zone.
19:52 of 2nd period - Shot by Nazem Kadri.
19:52 of 2nd period - Shot Blocked by Nikita Zadorov.
19:54 of 2nd period - Shot by Rasmus Ristolainen.
19:54 of 2nd period - Shot Misses the Net.
Goals for this period are 0 for Stars vs 0 for Predators.
Shots for this period are 8 for Stars vs 7 for Predators.

3rd period


0:01 of 3rd period - Sidney Crosby wins face-off versus J.T. Miller in neutral zone.
0:10 of 3rd period - Shot by Sidney Crosby.
0:10 of 3rd period - Stopped by Corey Crawford with a rebound.
0:12 of 3rd period - Shot by Sidney Crosby.
0:12 of 3rd period - Shot Blocked by Oliver Ekman-Larsson.
0:18 of 3rd period - Shot by Sebastian Aho.
0:18 of 3rd period - Stopped by Corey Crawford without a rebound.
0:19 of 3rd period - Jakub Voracek wins face-off versus Elias Lindholm in Predators zone.
0:23 of 3rd period - Icing by Oscar Klefbom.
0:24 of 3rd period - Elias Lindholm wins face-off versus Sidney Crosby in Predators zone.
0:33 of 3rd period - Shot by Jaden Schwartz.
0:33 of 3rd period - Shot Blocked by Rasmus Ristolainen.
0:53 of 3rd period - Shot by Sidney Crosby.
0:53 of 3rd period - Shot Misses the Net.
1:40 of 3rd period - Oliver Ekman-Larsson is hit by Jakub Voracek and loses puck.
1:45 of 3rd period - Shot by Jonathan Marchessault.
1:45 of 3rd period - Shot Blocked by Steven Stamkos.
1:47 of 3rd period - Shot by Nazem Kadri.
1:47 of 3rd period - Stopped by Corey Crawford without a rebound.
1:48 of 3rd period - Phillip Danault wins face-off versus Paul Byron in Predators zone.
1:48 of 3rd period - Phillip Danault is hit by Tommy Wingels.
1:57 of 3rd period - Icing by Yanni Gourde.
1:58 of 3rd period - J.T. Miller wins face-off versus Yanni Gourde in Stars zone.
1:58 of 3rd period - Steven Stamkos is hit by Danny DeKeyser and loses puck.
2:29 of 3rd period - Icing by Thomas Chabot.
2:30 of 3rd period - Sidney Crosby wins face-off versus J.T. Miller in Predators zone.
2:38 of 3rd period - Minor Penalty to Sebastian Aho for Tripping.
2:39 of 3rd period - Martin Hanzal wins face-off versus Vladislav Namestnikov in Stars zone.
2:39 of 3rd period - Martin Hanzal is hit by Colton Sissons.
2:49 of 3rd period - Shot by Max Pacioretty.
2:49 of 3rd period - Shot Misses the Net.
2:51 of 3rd period - Shot by Max Pacioretty.
2:51 of 3rd period - Shot Blocked by John Klingberg.
2:53 of 3rd period - Shot by Oscar Klefbom.
2:53 of 3rd period - Stopped by Jonathan Quick without a rebound.
2:54 of 3rd period - Martin Hanzal wins face-off versus J.T. Miller in Stars zone.
2:54 of 3rd period - Martin Hanzal is hit by Steven Stamkos.
3:03 of 3rd period - Oliver Ekman-Larsson is hit by Zdeno Chara and loses puck.
3:28 of 3rd period - Shot by Steven Stamkos.
3:28 of 3rd period - Shot Misses the Net.
3:30 of 3rd period - Shot by Steven Stamkos.
3:30 of 3rd period - Stopped by Jonathan Quick without a rebound.
3:31 of 3rd period - Vladislav Namestnikov wins face-off versus Tommy Wingels in Stars zone.
3:34 of 3rd period - Shot by Oscar Klefbom.
3:34 of 3rd period - Shot Misses the Net.
3:54 of 3rd period - Rasmus Ristolainen is hit by Colton Sissons and loses puck.
3:59 of 3rd period - Shot by Colton Sissons.
3:59 of 3rd period - Stopped by Jonathan Quick without a rebound.
4:00 of 3rd period - Steven Stamkos wins face-off versus Martin Hanzal in Stars zone.
4:21 of 3rd period - Shot by J.T. Miller.
4:21 of 3rd period - Shot Blocked by Martin Hanzal.
5:00 of 3rd period - Shot by Phillip Danault.
5:00 of 3rd period - Stopped by Jonathan Quick without a rebound.
5:01 of 3rd period - Nazem Kadri wins face-off versus Colton Sissons in Stars zone.
5:03 of 3rd period - Icing by Rasmus Ristolainen.
5:04 of 3rd period - Colton Sissons wins face-off versus Nazem Kadri in Stars zone.
5:37 of 3rd period - Shot by Colton Sissons.
5:37 of 3rd period - Shot Misses the Net.
5:48 of 3rd period - Jonathan Marchessault is hit by Nikita Zadorov and loses puck.
6:35 of 3rd period - Off-side.
6:36 of 3rd period - Yanni Gourde wins face-off versus Elias Lindholm in neutral zone.
6:50 of 3rd period - Shot by Yanni Gourde.
6:50 of 3rd period - Shot Misses the Net.
6:52 of 3rd period - Shot by Danny DeKeyser.
6:52 of 3rd period - Shot Blocked by Connor Murphy.
6:54 of 3rd period - Shot by Danny DeKeyser.
6:54 of 3rd period - Stopped by Corey Crawford without a rebound.
6:55 of 3rd period - Martin Hanzal wins face-off versus Kyle Connor in Predators zone.
7:07 of 3rd period - Shot by Kyle Connor.
7:07 of 3rd period - Stopped by Jonathan Quick without a rebound.
7:08 of 3rd period - Yanni Gourde wins face-off versus J.T. Miller in Stars zone.
7:08 of 3rd period - Paul Byron is hit by Max Pacioretty and loses puck.
7:18 of 3rd period - Minor Penalty to Max Pacioretty for Hooking.
7:19 of 3rd period - Steven Stamkos wins face-off versus Jakub Voracek in Predators zone.
7:38 of 3rd period - Shot by Rasmus Ristolainen.
7:38 of 3rd period - Stopped by Corey Crawford with a rebound.
7:40 of 3rd period - Shot by Rasmus Ristolainen.
7:40 of 3rd period - Stopped by Corey Crawford with a rebound.
8:22 of 3rd period - Shot by Jonathan Marchessault.
8:22 of 3rd period - Shot Blocked by Oliver Ekman-Larsson.
8:24 of 3rd period - Shot by Nazem Kadri.
8:24 of 3rd period - Stopped by Corey Crawford without a rebound.
8:25 of 3rd period - Elias Lindholm wins face-off versus Nazem Kadri in Predators zone.
9:11 of 3rd period - Shot by Rasmus Ristolainen.
9:11 of 3rd period - Shot Blocked by Oscar Klefbom.
9:13 of 3rd period - Shot by John Klingberg.
9:13 of 3rd period - Deflect By Sebastian Aho.
9:13 of 3rd period - Stopped by Corey Crawford without a rebound.
9:14 of 3rd period - Elias Lindholm wins face-off versus Sidney Crosby in Predators zone.
9:51 of 3rd period - Shot by Tommy Wingels.
9:51 of 3rd period - Deflect By Yanni Gourde.
9:51 of 3rd period - Stopped by Corey Crawford with a rebound.
10:17 of 3rd period - Icing by Kyle Connor.
10:18 of 3rd period - Sidney Crosby wins face-off versus Phillip Danault in Predators zone.
10:19 of 3rd period - Shot by Sebastian Aho.
10:19 of 3rd period - Shot Misses the Net.
11:28 of 3rd period - Shot by Jonathan Marchessault.
11:28 of 3rd period - Shot Blocked by Oscar Klefbom.
11:30 of 3rd period - Shot by Zdeno Chara.
11:30 of 3rd period - Stopped by Corey Crawford without a rebound.
11:31 of 3rd period - Elias Lindholm wins face-off versus Yanni Gourde in Predators zone.
11:51 of 3rd period - Shot by Danny DeKeyser.
11:51 of 3rd period - Shot Misses the Net.
11:53 of 3rd period - Shot by Danny DeKeyser.
11:53 of 3rd period - Shot Misses the Net.
12:38 of 3rd period - Shot by Max Pacioretty.
12:38 of 3rd period - Deflect By Steven Stamkos.
12:38 of 3rd period - Shot Misses the Net.
12:43 of 3rd period - Icing by John Klingberg.
12:44 of 3rd period - Colton Sissons wins face-off versus Nazem Kadri in Stars zone.
13:05 of 3rd period - Icing by Oscar Klefbom.
13:06 of 3rd period - Colton Sissons wins face-off versus Sidney Crosby in Predators zone.
13:06 of 3rd period - Colton Sissons is hit by Josh Bailey.
13:24 of 3rd period - Shot by Colton Sissons.
13:24 of 3rd period - Shot Misses the Net.
15:11 of 3rd period - Paul Byron is hit by Nikita Zadorov and loses puck.
15:19 of 3rd period - Icing by Oscar Klefbom.
15:20 of 3rd period - Sidney Crosby wins face-off versus Phillip Danault in Predators zone.
15:39 of 3rd period - Shot by Kyle Connor.
15:39 of 3rd period - Goal by Kyle Connor - Stars : 3 - Predators : 1.
15:40 of 3rd period - J.T. Miller wins face-off versus Nazem Kadri in neutral zone.
15:47 of 3rd period - Rasmus Ristolainen is hit by Connor Murphy and loses puck.
15:57 of 3rd period - Jakub Voracek is hit by Connor Murphy.
16:32 of 3rd period - Off-side.
16:33 of 3rd period - Sidney Crosby wins face-off versus Elias Lindholm in neutral zone.
17:02 of 3rd period - Jaden Schwartz is hit by Zdeno Chara and loses puck.
17:49 of 3rd period - Icing by Oscar Klefbom.
17:50 of 3rd period - Elias Lindholm wins face-off versus Nazem Kadri in Predators zone.
19:06 of 3rd period - Shot by Yanni Gourde.
19:06 of 3rd period - Shot Blocked by J.T. Compher.
19:14 of 3rd period - Shot by J.T. Compher.
19:14 of 3rd period - Shot Blocked by David Savard.
Goals for this period are 0 for Stars vs 1 for Predators.
Shots for this period are 10 for Stars vs 6 for Predators.